 Dungeon Crawl Stone Soup version 0.23.2-33-g5129a83184 (webtiles) character file.

Game seed: 6009105553030158919

117 Destapler the Shooter (level 4, -1/37 HPs)
             Began as a Centaur Hunter on June 30, 2019.
             Slain by Descartes's ghost (7 damage)
             ... on level 3 of the Dungeon.
             The game lasted 00:23:05 (2737 turns).

Destapler the Shooter (Centaur Hunter)              Turns: 2737, Time: 00:23:06

Health: -1/37      AC:  4    Str: 14    XL:     4   Next: 71%
Magic:  4/4        EV: 10    Int: 10    God:
Gold:   159        SH:  0    Dex: 11    Spells: 3/3 levels left

rFire    + . .     SeeInvis .   b - +0 short sword
rCold    + . .     Gourm    .   (no shield)
rNeg     . . .     Faith    .   c - +0 leather armour
rPois    .         Spirit   .   (no helmet)
rElec    .         Reflect  .   e - scarf {rC+ rF+}
rCorr    .         Harm     .   (no gloves)
MR       .....                  (no barding)
Stlth    +.........             (no amulet)
HPRegen  0.12/turn              (no ring)
MPRegen  0.09/turn              (no ring)

@: very quick
A: large, hooves 3, deformed body, speed 2, tough skin 3
a: no special abilities


You were on level 3 of the Dungeon.
You were not hungry.

You visited 1 branch of the dungeon, and saw 3 of its levels.

You collected 159 gold pieces.

Inventory:

Hand Weapons
 a - a +1 shortbow
 b - a +0 short sword (weapon)
Missiles
 d - 50 arrows
Armour
 c - a +0 leather armour (worn)
 e - a scarf of resistance (worn)
 t - a +0 chain mail
 u - a +0 ring mail
Jewellery
 k - an uncursed ring of see invisible {unknown}
 v - an uncursed ring of resist corrosion {unknown}
 y - an uncursed ring of protection from cold {unknown}
Scrolls
 g - 2 scrolls of remove curse {unknown}
 h - a scroll of blinking {unknown}
 j - 3 scrolls of identify {unknown}
 o - a scroll of teleportation {unknown}
 s - a scroll of amnesia {unknown}
 x - a scroll of immolation {unknown}
Potions
 i - 2 potions of curing {unknown}
 l - a potion of agility {unknown}
 m - a potion of berserk rage {unknown}
 n - a potion of degeneration {unknown}
 q - a potion of mutation {unknown}
 r - a potion of heal wounds {unknown}
 w - a potion of lignification {unknown}
 z - a potion of flight {unknown}
Comestibles
 f - 3 rations


   Skills:
 + Level 2.8 Fighting
 * Level 2.2 Short Blades
 + Level 6.0 Bows
 + Level 2.1 Dodging
 - Level 0.4 Stealth


You had 3 spell levels left.
You didn't know any spells.
Your spell library was empty.

Dungeon Overview and Level Annotations

Branches:
Dungeon (3/15)

Altars:
Ru
The Shining One

Annotations:
D:2 exclusion: downstairs
D:3 exclusions: upstairs and 2 more exclusions, Descartes's ghost, amateur DsWr; Sigmund


Innate Abilities, Weirdness & Mutations

You have hooves in place of feet.
Armour fits poorly on your strangely shaped body.
You cover ground very quickly.
You have extremely tough skin. (AC +3)


Message History

Descartes's ghost is severely damaged.
Descartes's ghost hits you.
* * * LOW HITPOINT WARNING * * *
You hit Descartes's ghost but do no damage.
You kick Descartes's ghost.
Descartes's ghost is almost destroyed.
Descartes's ghost hits you.
* * * LOW HITPOINT WARNING * * *
You closely miss Descartes's ghost. You kick Descartes's ghost.
Descartes's ghost is almost destroyed.
Descartes's ghost closely misses you.
You hit Descartes's ghost but do no damage.
You kick Descartes's ghost, but do no damage.
Descartes's ghost is almost destroyed.
Descartes's ghost hits you.
* * * LOW HITPOINT WARNING * * *
You closely miss Descartes's ghost. You kick Descartes's ghost.
Descartes's ghost is almost destroyed.
Descartes's ghost hits you!
You die...

###.#...#.#...)......#..<.
...#.#.#.#.##########.#.#
####.#..................#..
.#......#.#.#####.######.##.
.......<#.#.......##.....##.
##.####.#.#######.##.....###
# #.#.# #.##.....# #
###.#.#######.##.....###
#....ZW@................
#.#.#.#######.#######.##
#........# #.# #..#
####'W'### ### #...
#...Z...# ##.# ##...?.## #.#
#.$.....# #.# ##..?(.## #.#
#..#.#..# +#.#


You could see Descartes's ghost and a bullfrog skeleton.

Vanquished Creatures
  An orc wizard (D:2)
  A gnoll (D:1)
  2 adders (D:2)
  An adder skeleton (D:3)
  3 worms
  A dart slug (D:2)
  A leopard gecko (D:3)
  2 ball pythons
  2 giant cockroaches (D:1)
  5 goblins (D:2)
  6 hobgoblins
  3 jackals
  5 kobolds (D:1)
  2 quokkas (D:2)
  5 bats
  3 frilled lizards
  A jackal skeleton (D:3)
  7 rats
51 creatures vanquished.

Notes
Turn   | Place    | Note
-------+----------+-------------------------------------------
     0 | D:1      | Destapler the Centaur Hunter began the quest for the Orb.
     0 | D:1      | Reached XP level 1. HP: 17/17 MP: 1/1
   123 | D:1      | Reached XP level 2. HP: 13/24 MP: 2/2
   318 | D:1      | Reached skill level 1 in Short Blades
   547 | D:1      | Found a glowing golden altar of the Shining One.
  1010 | D:2      | Reached XP level 3. HP: 30/30 MP: 3/3
  1097 | D:3      | Found a runed translucent gate.
  1848 | D:2      | Found a sacrificial altar of Ru.
  1861 | D:2      | Reached XP level 4. HP: 30/37 MP: 4/4
  2121 | D:3      | Noticed Sigmund
  2335 | D:3      | Reached skill level 6 in Bows
  2695 | D:3      | Found a runed translucent gate.
  2696 | D:3      | Found a runed translucent gate.
  2696 | D:3      | Noticed Descartes's ghost (amateur DsWr)
  2737 | D:3      | Slain by Descartes's ghost

Skill      XL: |  1  2  3  4 |
---------------+-------------+-----
Short Blades   | 1 2 |  2.2
Dodging        | 2 |  2.1
Bows           | 6 |  6.0
Fighting       | |  2.8
Stealth        | |  0.4

Action                   |  1- 3 |  4- 6 || total
-------------------------+-------+-------++-------
Melee: Short sword       |    51 |    25 ||    76
       Kick              |     9 |     7 ||    16
 Fire: Shortbow          |    88 |    32 ||   120
 Stab: Invisible         |       |     1 ||     1
  Eat: Chunk             |     1 |     3 ||     4
Armor: Leather armour    |    24 |     6 ||    30
Dodge: Dodged            |    35 |    10 ||    45
